 Dungeon Crawl Stone Soup version 0.27-a0-1230-gfc7c993222 (webtiles) character file.

Game seed: 4536167846528610396

22293 Ethylacetat the Frost Mage (level 12, -9/103 HPs)
             Began as a Naga Ice Elementalist on June 8, 2021.
             Was the Champion of Cheibriados.
             Mangled by a boulder beetle (19 damage)
             ... on level 12 of the Dungeon.
             The game lasted 01:30:06 (17349 turns).

Ethylacetat the Frost Mage (Naga Ice Elementalist) Turns: 17349, Time: 01:30:07

Health: -9/103     AC: 14    Str: 20 (22) XL:     12   Next: 99%
Magic:  0/25       EV:  8    Int: 38 (40) God:    Cheibriados [******]
Gold:   1211       SH:  0    Dex: 25 (26) Spells: 19/30 levels left

rFire    + . .     SeeInvis +   r - staff of conjuration
rCold    + + .     Faith    .   (no shield)
rNeg     . . .     Spirit   .   a - +0 robe
rPois    +         Reflect  .   (no helmet)
rElec    .         Harm     .   n - +1 cloak
rCorr    .         Rampage  .   (no gloves)
Will     ++...                  w - +3 barding of Makhleb's Esteem {rC+ Str-3 Int+3}
Stlth    +++.......             (no amulet)
HPRegen  0.27/turn              B - ring of ice
MPRegen  0.19/turn              i - ring "Sal Puim" {rF++ Will+}

@: studying Crossbows, very slow
A: AC +4, large, see invisible, deformed body, poison resistance, slowness 2,
spit poison 1, naga tail 1
a: Spit Poison, Renounce Religion, Bend Time, Temporal Distortion, Slouch, Step
From Time


You were on level 12 of the Dungeon.
You worshipped Cheibriados.
Cheibriados was exalted by your worship.
You visited 2 branches of the dungeon, and saw 13 of its levels.
You also visited: Bailey.

You collected 1211 gold pieces.

Inventory:

Hand Weapons
 f - a +4 falchion
Missiles
 t - 2 throwing nets
Armour
 a - a +0 robe (worn)
 n - a +1 cloak (worn)
 w - the +3 barding of Makhleb's Esteem (worn) {rC+ Str-3 Int+3}
   (You acquired it on level 8 of the Dungeon)

   It affects your strength (-3).
   It affects your intelligence (+3).
   It protects you from cold.
Magical Staves
 b - a staff of cold
 r - a staff of conjuration (weapon)
Jewellery
 i - the ring "Sal Puim" (right hand) {rF++ Will+}
   (You found it on level 7 of the Dungeon)

   [ring of willpower]

   It greatly protects you from fire.
   It increases your willpower.
 q - a +6 ring of intelligence
 B - a ring of ice (left hand)
 D - a +6 ring of strength
 F - the ring "Hezuos" {rN+ rCorr}
   (You found it on level 12 of the Dungeon)

   [ring of resist corrosion]

   It protects you from negative energy.
   It protects you from acid and corrosion.
Wands
 d - a wand of flame (18)
 k - a wand of mindburst (12)
 u - a wand of charming (9)
 C - a wand of iceblast (12)
Scrolls
 c - 2 scrolls of enchant armour
 e - 3 scrolls of teleportation
 o - 4 scrolls of immolation
 p - 6 scrolls of identify
 s - a scroll of summoning {unknown}
 v - 3 scrolls of enchant weapon
 x - a scroll of torment {unknown}
 y - a scroll of fear {unknown}
Potions
 g - 2 potions of flight
 j - a potion of cancellation
 l - 3 potions of degeneration
 m - a potion of haste {unknown}
 z - a potion of brilliance {unknown}
 A - a potion of magic {unknown}
 E - a potion of mutation {unknown}


   Skills:
 + Level 5.0 Fighting
 + Level 4.7 Staves
 - Level 1.5 Dodging
 - Level 3.0 Stealth
 + Level 9.9 Spellcasting
 + Level 8.9 Conjurations
 + Level 11.2 Ice Magic
 + Level 9.7 Invocations
 + Level 5.0 Evocations


You had 19 spell levels left.
You knew the following spells:

 Your Spells              Type           Power      Damage    Failure   Level
a - Freeze                Ice            100%       1d11      1%          1
b - Frozen Ramparts       Ice            100%       1d12      1%          3
c - Ozocubu's Armour      Ice            100%       N/A       1%          3
d - Hailstorm             Conj/Ice       100%       3d20      1%          4

Your spell library contained the following spells:

 Spells                   Type           Power      Damage    Failure   Level
 Magic Dart               Conj           100%       1d8       1%          1
 Sandblast                Erth           36%        2d10      1%          1
 Searing Ray              Conj           100%       3d7       1%          2
 Dazzling Flash           Conj/Hex       100%       N/A       1%          3
 Stone Arrow              Conj/Erth      100%       3d13      1%          3
 Passwall                 Tmut/Erth      15%        N/A       3%          2
 Fulminant Prism          Conj/Hex       34%        3d16      3%          4
 Iskenderun's Mystic Bla  Conj/Tloc      68%        2d14      3%          4
 Metabolic Englaciation   Hex/Ice        37%        N/A       5%          5
 Confusing Touch          Hex            18%        N/A       6%          3
 Cause Fear               Hex            9%         N/A       21%         4
 Petrify                  Tmut/Erth      18%        N/A       21%         4
 Hydra Form               Tmut           9%         N/A       50%         5
 Lee's Rapid Deconstruct  Erth           9%         3d8*      50%         5
 Eringya's Noxious Bog    Tmut/Pois      9%         N/A       97%         6


Dungeon Overview and Level Annotations

Branches:
Dungeon (12/15)            Temple (1/1) D:4            Lair (0/6) D:10
    Orc (0/2) D:11         Bailey (visited)

Altars:
Ashenzari
Cheibriados
Dithmenos
Elyvilon
Fedhas
Gozag
Hepliaklqana
Kikubaaqudgha
Makhleb
Nemelex Xobeh
Okawaru
Qazlal
Ru
Sif Muna
Trog
Uskayaw
Vehumet
Wu Jian
Xom
Yredelemnul
Zin
The Shining One
Beogh

Annotations:
D:11 2 transporters, exclusions: oklob plant and oklob sapling


Innate Abilities, Weirdness & Mutations

Your serpentine skin is tough. (AC +4)
You have supernaturally acute eyesight. (SInv)
Armour fits poorly on your strangely shaped body.
Your system is resistant to poisons. (rPois)
You cover ground very slowly.
You can spit poison.
You have a snake-like lower body.


Message History

The frozen ramparts melt away.
The boulder beetle bites you!
* * * LOW HITPOINT WARNING * * *
You hit the boulder beetle but do no damage.
The boulder beetle is almost dead.
The boulder beetle bites you but does no damage.
You hit the boulder beetle but do no damage.
The boulder beetle is almost dead.
The boulder beetle bites you!
* * * LOW HITPOINT WARNING * * *
Casting: Freeze (safe; 1% risk of failure)
Confirm with . or Enter, or press ? or * to list all spells.
Aiming: Freeze (safe; 1% risk of failure)
Press: ? - help, Shift-Dir - straight line, f/p - boulder beetle
Aim: a boulder beetle (almost dead)
You feel a surge of power!
You freeze the boulder beetle.
The boulder beetle is almost dead.
The boulder beetle leaps!
Your icy armour will break if you move.
Continue?
Your icy armour cracks and falls away as you move.
The boulder beetle curls into a ball and begins rolling!
F - the ring "Hezuos" {rN+ rCorr} It was a potion of cancellation.
You feel magically purged. The boulder beetle hits you!
* * * LOW HITPOINT WARNING * * *
The boulder beetle stops rolling and uncurls.
Casting: Freeze (safe; 1% risk of failure)
Confirm with . or Enter, or press ? or * to list all spells.
Aiming: Freeze (safe; 1% risk of failure)
Press: ? - help, Shift-Dir - straight line, f/p - boulder beetle
Aim: a boulder beetle (almost dead)
You feel a surge of power!
You freeze the boulder beetle!
The boulder beetle is almost dead.
The boulder beetle bites you.
* * * LOW HITPOINT WARNING * * *
You feel better. The boulder beetle closely misses you.
It was a potion of degeneration.
There was something very wrong with that liquid.
You feel weakened.
You feel dopey.
You feel clumsy. The boulder beetle bites you!!
You die...

########..##. ....
#..##. ...........
#..##. #.......#.
##..##. #........
#...##. #....[. #
##...##. #.....#=#
#...###. #...#.##
##...# #. #..)○#@# .#
#...## #. #.##B###.#
##...# #. #...#(..#..
#...## #. ##.......#
##...# #.
#..####...#....#####.
##....#####..........
#..#....#......####.
...######.##......)....
#...#..#..#......##....


You could see a boulder beetle.

Vanquished Creatures
  Jorgrun (D:12)
  A centaur warrior (D:8)
  A boulder beetle (D:12)
  A hydra (D:9)
  3 two-headed ogres
  An orc knight (Bailey)
  4 manticores
  3 cyclopes
  3 gargoyles
  A yaktaur (shapeshifter) (D:12)
  An efreet (D:12)
  A hornet (D:8)
  2 trolls
  Prince Ribbit (D:7)
  Grinder (D:5)
  A wraith (D:11)
  A shadow (D:12)
  5 wyverns
  11 yaks
  4 basilisks
  A steam dragon (D:8)
  7 vampire mosquitoes (D:10)
  2 acid dragons
  7 water moccasins
  9 orc warriors
  2 hornet zombies
  An ice beast (D:6)
  2 black bears
  An ogre (D:4)
  A necrophage (D:6)
  An ogre (shapeshifter) (D:12)
  A sky beast (D:5)
  5 centaurs
  A phantom (D:5)
  A kobold brigand (D:8)
  3 bullfrogs
  3 gnoll sergeants
  4 scorpions
  10 killer bees
  An electric eel (D:6)
  3 howler monkeys
  7 wights
  6 centaur zombies
  3 hounds
  7 orc priests
  2 centaur skeletons
  2 jellies
  A bullfrog skeleton (D:5)
  An iguana (D:5)
  2 gnoll shamans
  10 orc wizards
  A killer bee zombie (D:9)
  A hound zombie (D:5)
  A howler monkey zombie (D:9)
  39 gnolls
  14 adders
  A white imp (D:6)
  An ufetubus (D:5)
  An adder skeleton (D:4)
  A worm (D:2)
  2 dart slugs (D:1)
  27 orcs
  11 ball pythons
  6 bats
  3 endoplasms
  5 giant cockroaches
  9 goblins
  6 hobgoblins
  4 jackals (D:4)
  21 kobolds
  3 quokkas
  2 frilled lizards
  4 rats
  A bush (D:10)
318 creatures vanquished.

Vanquished Creatures (others)
  An orc (D:3)
  A giant cockroach (D:3)
  A hobgoblin (D:3)
  A ball python (D:3)
  A bat (D:3)
  3 rats (D:3)
  5 fungi (D:10)
  19 plants
32 creatures vanquished.

Grand Total: 350 creatures vanquished

Notes
Turn   | Place    | Note
-------+----------+-------------------------------------------
     0 | D:1      | Ethylacetat the Naga Ice Elementalist began the quest for
                  | the Orb.
     0 | D:1      | Reached XP level 1. HP: 15/15 MP: 3/3
   306 | D:1      | Reached XP level 2. HP: 22/22 MP: 3/5
   963 | D:2      | Reached XP level 3. HP: 28/28 MP: 6/6
   967 | D:2      | Learned a level 3 spell: Frozen Ramparts
  1011 | D:2      | Reached XP level 4. HP: 36/36 MP: 4/8
  1094 | D:2      | Reached skill level 5 in Ice Magic
  1532 | D:2      | Reached XP level 5. HP: 32/42 MP: 10/10
  2449 | D:3      | Found a faded altar of an unknown god.
  2532 | D:3      | Learned a level 3 spell: Ozocubu's Armour
  2642 | D:3      | Found a white marble altar of Elyvilon.
  2871 | D:3      | Found a shimmering altar of Xom.
  2985 | D:3      | Reached XP level 6. HP: 45/49 MP: 2/12
  3329 | D:4      | Reached skill level 6 in Ice Magic
  3329 | D:4      | HP: 2/49 [gnoll/+0 halberd (13)]
  3738 | D:4      | Reached XP level 7. HP: 47/55 MP: 3/14
  3861 | D:4      | Found a staircase to the Ecumenical Temple.
  3867 | Temple   | Entered the Ecumenical Temple
  4148 | Temple   | Became a worshipper of Cheibriados the Contemplative
  4334 | D:4      | Reached skill level 5 in Spellcasting
  4499 | D:4      | Reached * piety under Cheibriados
  4719 | D:4      | Found a blossoming altar of Fedhas.
  4802 | D:4      | Identified Fenoifuu's Almanac of Enchantment and
                  | Transformation
  4809 | D:4      | Learned a level 4 spell: Hailstorm
  5202 | D:5      | Entered Level 5 of the Dungeon
  5205 | D:5      | Reached skill level 7 in Ice Magic
  5215 | D:4      | Reached skill level 1 in Invocations
  5344 | D:5      | Reached skill level 1 in Conjurations
  5348 | D:5      | Reached XP level 8. HP: 35/62 MP: 4/16
  5680 | D:5      | Noticed Grinder
  5696 | D:5      | Killed Grinder
  5784 | D:5      | Reached ** piety under Cheibriados
  6622 | D:6      | Reached XP level 9. HP: 68/68 MP: 6/18
  6710 | D:6      | Reached skill level 8 in Ice Magic
  6945 | D:6      | Found a radiant altar of Vehumet.
  7365 | D:6      | Found a sparkling altar of Nemelex Xobeh.
  8134 | D:6      | Found a burning altar of Makhleb.
  8368 | D:7      | Identified the ring "Sal Puim" {rF++ Will+}
  8372 | D:7      | Noticed Prince Ribbit
  8377 | D:7      | Killed Prince Ribbit
  8377 | D:7      | Reached *** piety under Cheibriados
  8379 | D:7      | Reached skill level 5 in Invocations
  8660 | D:7      | Reached skill level 5 in Conjurations
  8967 | D:7      | Reached **** piety under Cheibriados
  9415 | D:7      | Reached skill level 9 in Ice Magic
  9415 | D:7      | Reached XP level 10. HP: 51/75 MP: 12/21
  9622 | D:8      | Identified 2 scrolls of acquirement
  9622 | D:8      | Acquired a staff of cold
  9790 | D:8      | Found a flagged portal.
  9790 | D:8      | Found a stormy altar of Qazlal.
  9830 | Bailey   | Entered a bailey
 10014 | Bailey   | Noticed an orc knight
 10191 | Bailey   | Killed an orc knight
 10242 | Bailey   | Reached ***** piety under Cheibriados
 10804 | D:8      | Found a bloodstained altar of Trog.
 10804 | D:8      | Found an iron altar of Okawaru.
 11367 | D:8      | Noticed a centaur warrior
 11373 | D:8      | Killed a centaur warrior
 11678 | D:8      | Noticed a cyclops
 11681 | D:8      | Reached skill level 10 in Ice Magic
 11689 | D:8      | Killed a cyclops
 11690 | D:8      | Reached XP level 11. HP: 81/81 MP: 13/23
 11818 | D:8      | Acquired the +3 barding of Makhleb's Esteem {rC+ Str-3
                  | Int+3}
 12208 | D:9      | Noticed a two-headed ogre
 12218 | D:9      | Killed a two-headed ogre
 12219 | D:9      | Reached skill level 1 in Fighting
 12219 | D:9      | Reached skill level 1 in Evocations
 12697 | D:9      | Found an ornate altar of the Wu Jian Council.
 12803 | D:9      | Found a blossoming altar of Fedhas.
 12842 | D:9      | Noticed a seven-headed hydra
 12848 | D:9      | Killed a seven-headed hydra
 12851 | D:9      | Reached skill level 1 in Staves
 12940 | D:9      | Found a glowing silver altar of Zin.
 13329 | D:9      | Found a burning altar of Makhleb.
 13460 | D:10     | Entered Level 10 of the Dungeon
 13681 | D:10     | Found a shimmering blue altar of Sif Muna.
 13802 | D:10     | Found a sacrificial altar of Ru.
 14168 | D:10     | Reached ****** piety under Cheibriados
 14487 | D:10     | Found a staircase to the Lair.
 14496 | D:10     | Reached XP level 12. HP: 97/97 MP: 17/25
 14897 | D:11     | Noticed a seven-headed hydra
 14899 | D:11     | Found a transporter.
 14981 | D:11     | Noticed a two-headed ogre
 14988 | D:11     | Killed a two-headed ogre
 15038 | D:11     | Found a transporter.
 15038 | D:11     | Noticed a two-headed ogre
 15049 | D:11     | Noticed a centaur warrior
 15537 | D:11     | Found a staircase to the Orcish Mines.
 15899 | D:11     | Noticed a boulder beetle
 16129 | D:12     | Noticed a two-headed ogre
 16140 | D:12     | Killed a two-headed ogre
 16572 | D:12     | Noticed Jorgrun
 16624 | D:12     | Killed Jorgrun
 16625 | D:12     | Reached skill level 11 in Ice Magic
 17107 | D:12     | Noticed a boulder beetle
 17124 | D:12     | Killed a boulder beetle
 17326 | D:12     | Noticed a boulder beetle
 17332 | D:12     | Reached skill level 5 in Evocations
 17335 | D:12     | Reached skill level 5 in Fighting
 17344 | D:12     | Identified the ring "Hezuos" {rN+ rCorr}
 17347 | D:12     | HP: 3/103 [boulder beetle (4)]
 17349 | D:12     | Mangled by a boulder beetle

Illustrated notes

Levels and vault maps discovered:
D:1:      erik_arrival_triangle_medium, layout_loops_ring
D:2:      layout_loops_ring, grunt_ministairs_7, fountainhead,
          kennysheep_generic_room_6
D:3:      layout_loops_ring, xom_confusion_cloud, elyvilon_altar_3,
          chequers_ecumenical_altar_island, kennysheep_orc_chapel
D:4:      minmay_evil_eye, layout_gridville, general_overflow_altar,
          minmay_temple_entry_statues, minmay_misc_feat_enclosed,
          minmay_misc_feat_doors, minmay_misc_feat_tiny, minivault_5
D:5:      layout_rooms, minmay_misc_feat_rows, uniq_grinder
D:6:      layout_cave_pods, lemuel_doored_altar, bloody_makhleb,
          lemuel_tele_altar, nicolae_lava_and_water, nrook_pool_corridor
D:7:      layout_loops_ring, serial_park_tiny_2, uniq_prince_ribbit1
D:8:      kennysheep_blocky_room, layout_cave_pools,
          grunt_temple_overflow_bloody_war, grunt_qazlal_clouds, enter_bailey_6
D:9:      layout_roguey, zin_academy, kennysheep_mini, dk_noncrumbling_4,
          hangedman_feature_mirror, bh_walls_and_bars
D:10:     layout_basic, nicolae_ru_the_path_less_chosen, amcnicky_altar_gilded,
          minmay_lair_entry_grove, minmay_circle_x
D:11:     gammafunk_the_bubble [the_bubble_gammafunk_crates], layout_loops_ring,
          david_orc_3, introduction_to_nature_2
D:12:     minmay_the_grid_triangle_9x9_recursive_2_mashed
          [minmay_the_grid_triangle_9x9_prize_special,
          minmay_the_grid_triangle_9x9_odd_lines,
          minmay_the_grid_triangle_9x9_empty,
          minmay_the_grid_triangle_9x9_corrupted_corridor], layout_basic,
          enter_trove_6, serial_shops, shop, uniq_nergalle, uniq_jorgrun,
          uniq_fannar
Temple:   compressed_dpeg_triangle_lava_temple

Skill      XL: |  1  2  3  4  5  6  7  8  9 10 11 12 |
---------------+-------------------------------------+-----
Spellcasting   | 3 4 5 6 7 8 9 |  9.9
Ice Magic      | 5 6 7 9 10 11 | 11.2
Invocations    | 1 3 6 7 8 9 |  9.7
Conjurations   | 1 3 5 7 8 |  8.9
Fighting       | 3 5 |  5.0
Evocations     | 3 5 |  5.0
Staves         | 2 4 |  4.7
Dodging        | |  1.5
Stealth        | |  3.0

Action                   |  1- 3 |  4- 6 |  7- 9 | 10-12 || total
-------------------------+-------+-------+-------+-------++-------
Melee: Whip              |       |    49 |    79 |    14 ||   142
       Unarmed           |       |     2 |       |       ||     2
       Staff             |       |       |    16 |   155 ||   171
 Cast: Freeze            |    22 |    20 |    44 |   148 ||   234
       Frozen Ramparts   |     1 |    12 |    42 |    50 ||   105
       Ozocubu's Armour  |       |     4 |    10 |    30 ||    44
       Hailstorm         |       |       |    25 |    53 ||    78
 Abil: Spit Poison       |    13 |    30 |    35 |    68 ||   146
Evoke: Wand              |       |     1 |     6 |     1 ||     8
  Use: Potion            |       |       |     3 |    10 ||    13
       Scroll            |       |       |       |    11 ||    11
 Stab: Sleeping          |       |     3 |       |     1 ||     4
Armor: Robe              |     4 |    33 |    80 |   276 ||   393
       Skin              |       |       |       |    17 ||    17
Dodge: Dodged            |    13 |    52 |   104 |   204 ||   373

Table legend: (Time is in decaauts)
 A = Elapsed time spent in this place.
 B = Non-inter-level travel time spent in this place.
 C = Inter-level travel time spent in this place.
 D = Time resting spent in this place.
 E = Time spent auto-exploring this place.
 F = Levels seen in this place.
 G = Mean time per level.
                   A        B        C        D        E       F      G
               +--------+--------+--------+--------+--------+-----+--------+
         Total |  25898 |  25193 |    705 |   2889 |  18559 |  14 | 1849.9 |
       Dungeon |  24614 |  23919 |    695 |   2723 |  18145 |  12 | 2051.2 |
        Temple |    404 |    394 |     10 |      0 |    298 |   1 |  404.0 |
        Bailey |    879 |    879 |      0 |    166 |    116 |   1 |  879.0 |
               +--------+--------+--------+--------+--------+-----+--------+

Top non-repeatable levels by time:
     D:8: 2933 daAuts
     D:6: 2620 daAuts
    D:10: 2591 daAuts
    D:11: 2440 daAuts
     D:9: 2146 daAuts
     D:4: 2068 daAuts
     D:7: 1982 daAuts
     D:3: 1828 daAuts
    D:12: 1788 daAuts
     D:5: 1746 daAuts
     D:2: 1262 daAuts
     D:1: 1204 daAuts
  Bailey: 879 daAuts
  Temple: 404 daAuts
